 Dungeon Sprint DCSS version 0.30.1-4-g462c640d31 (webtiles) character file.

Game seed: 16975445453771820200

705 Heoruswealwe the Grappler (level 7, -2/76 HPs)
             Began as a Troll Berserker on Sept 8, 2023.
             Was a Priest of Trog.
             Slain by a sixfirhy (4 damage)
             ... summoned by a kobold demonologist
             ... in the Dungeon (Sprint I: "Red Sonja").
             The game lasted 00:03:53 (191 turns).

Heoruswealwe the Grappler (Troll Berserker)          Turns: 191, Time: 00:03:53

Health: -2/76      AC:  4    Str: 28    XL:     7   Next: 39%
Magic:  10/10      EV: 11    Int:  3    God:    Trog [***...]
Gold:   310        SH:  0    Dex:  9    Spells: 6/6 levels left

rFire   . .          .
                       - Unarmed
rCold   . . .        (no shield)
rNeg    . . .        a - +0 animal skin
rPois   .            (helmet restricted)
rElec   .            (no cloak)
rCorr   .            (gloves unavailable)
SInv    +            (boots unavailable)
Will    .....        (no amulet)
Stlth   +            f - ring of see invisible
HPRegen 1.12/turn    (no ring)
MPRegen 0.12/turn

%: no teleportation
@: weakened
A: large, unfitting armour, claws 3, regeneration 1, shaggy fur 1, tough skin 1
a: Renounce Religion, Berserk, Trog's Hand


You were in the Dungeon.
You worshipped Trog.
Trog was most pleased with you.
You visited 1 branch You collected 475 gold pieces.
You spent 165 gold pieces at shops.

Inventory:

Armour
 a - a +0 animal skin (worn)
Jewellery
 f - a ring of see invisible (left claw)
Wands
 h - a wand of digging (6)
Scrolls
 e - a scroll of magic mapping {unknown}
 g - a scroll of blinking
Potions
 b - a potion of curing
 c - 2 potions of heal wounds
 d - a potion of haste
 i - a potion of berserk rage


   Skills:
 + Level 6.5 Fighting
 + Level 6.5 Dodging
 * Level 10.8 Unarmed Combat
 + Level 6.5 Invocations


You had 6 spell levels left.
You didn't know any spells.
Your spell library was empty.

Dungeon Overview and Level Annotations

Branches:
Dungeon (1/1)

Altars:
Cheibriados
Dithmenos
Elyvilon
Fedhas
Gozag
Hepliaklqana
Kikubaaqudgha
Makhleb
Nemelex Xobeh
Okawaru
Qazlal
Ru
Sif Muna
Trog
Uskayaw
Vehumet
Wu Jian
Xom
Yredelemnul
Zin
The Shining One
Jiyva
Lugonu

Shops:
D =


Innate Abilities, Weirdness & Mutations

You are too large for most types of armour.
You have claws for hands.
Your natural rate of healing is unusually fast.
You are covered in fur. (AC +1)
You have tough skin. (AC +1)


Message History

There is an open door here.
You barely miss the floating eye.
The kobold demonologist gestures wildly while chanting.
The kobold demonologist casts a spell.
You mangle the floating eye!!
You kill the floating eye!
Trog accepts your kill. The sixfirhy hits you. The sixfirhy shocks you!
The sixfirhy hits you. The sixfirhy shocks you!
The kobold demonologist misses you.
You miss the kobold demonologist. The sixfirhy hits you!
The sixfirhy shocks you! The sixfirhy closely misses you.
The sixfirhy hits you!
* * * LOW HITPOINT WARNING * * *
The sixfirhy shocks you!
* * * LOW HITPOINT WARNING * * *
You closely miss the kobold demonologist.
The kobold demonologist closely misses you.
You claw the kobold demonologist!
Your claw misses the kobold demonologist.
The kobold demonologist is moderately wounded.
The kobold demonologist mumbles some strange words.
The kobold demonologist gestures wildly while chanting.
You scratch the kobold demonologist.
The kobold demonologist is moderately wounded.
The kobold demonologist hits you but does no damage.
You barely miss the kobold demonologist.
The kobold demonologist is moderately wounded.
The sixfirhy hits you.
* * * LOW HITPOINT WARNING * * *
The sixfirhy shocks you!
* * * LOW HITPOINT WARNING * * *
The sixfirhy hits you but does no damage.
The sixfirhy misses you. The orange demon closely misses you.
The orange demon hits you.
* * * LOW HITPOINT WARNING * * *
You feel your attacks grow feeble.
The kobold demonologist mumbles some strange words.
The kobold demonologist looks braver for a moment.
The sixfirhy hits you.
You die...

#####################
.)..#.)'..#__#.4@3K5#
.#..'..#..'..'..#K55#
###'#####'#__####55.+
##..#...#.#### ####
_####..##(#
____##'#_.+
.∩..†'..._#
..__##_.#'#
____###+#.#


You could see an orange demon (summoned), 2 kobold demonologists, a sixfirhy
(summoned), an iron imp (summoned), a quasit (summoned), a crimson imp
(summoned), a white imp (summoned) and an ufetubus (summoned).

Vanquished Creatures
  A slime creature (D)
  A yak (D)
  Sigmund (D)
  A floating eye (D)
  An ogre (D)
  A jelly (D)
  Ijyb (D)
7 creatures vanquished.

Notes
Turn   | Place    | Note
-------+----------+-------------------------------------------
     0 | D        | Heoruswealwe the Troll Berserker began the quest for the
                  | Orb.
     0 | D        | Reached XP level 1. HP: 22/22 MP: 0/0
     1 | D        | Noticed Ijyb
    18 | D        | Killed Ijyb
    19 | D        | Reached skill level 4 in Unarmed Combat
    19 | D        | Reached XP level 2. HP: 12/31 MP: 0/2
    43 | D        | Noticed an ogre
    51 | D        | Killed an ogre
    52 | D        | Reached skill level 6 in Unarmed Combat
    52 | D        | Reached XP level 3. HP: 13/39 MP: 2/4
    52 | D        | Reached XP level 4. HP: 16/48 MP: 2/5
    82 | D        | Noticed Sigmund
    89 | D        | Killed Sigmund
    89 | D        | Reached ** piety under Trog
    90 | D        | Reached skill level 5 in Fighting
    90 | D        | Reached skill level 5 in Dodging
    90 | D        | Reached skill level 8 in Unarmed Combat
    90 | D        | Reached XP level 5. HP: 43/57 MP: 5/7
   103 | D        | Found an ornate altar of the Wu Jian Council.
   103 | D        | Found a shimmering blue altar of Sif Muna.
   105 | D        | Found a radiant altar of Vehumet.
   111 | D        | Reached skill level 5 in Invocations
   111 | D        | Reached XP level 6. HP: 62/66 MP: 8/8
   135 | D        | Found Eceyr's Jewellery Emporium.
   135 | D        | Found an ancient bone altar of Kikubaaqudgha.
   135 | D        | Found a hazy altar of Hepliaklqana.
   135 | D        | Found a stormy altar of Qazlal.
   135 | D        | Found a hide-covered altar of Uskayaw.
   135 | D        | Found a blossoming altar of Fedhas.
   135 | D        | Found a bloodstained altar of Trog.
   135 | D        | Found an iron altar of Okawaru.
   135 | D        | Found a basalt altar of Yredelemnul.
   135 | D        | Found a glowing golden altar of the Shining One.
   135 | D        | Found a snail-covered altar of Cheibriados.
   135 | D        | Found a sacrificial altar of Ru.
   135 | D        | Found a glowing silver altar of Zin.
   135 | D        | Found a shadowy altar of Dithmenos.
   135 | D        | Found a white marble altar of Elyvilon.
   135 | D        | Noticed a yak
   136 | D        | Found an opulent altar of Gozag.
   141 | D        | Killed a yak
   142 | D        | Reached skill level 9 in Unarmed Combat
   142 | D        | Found a sparkling altar of Nemelex Xobeh.
   146 | D        | Bought a ring of see invisible for 165 gold pieces
   163 | D        | Found a burning altar of Makhleb.
   163 | D        | Found a viscous altar of Jiyva.
   163 | D        | Found a shimmering altar of Xom.
   163 | D        | Found a corrupted altar of Lugonu.
   163 | D        | Noticed a slime creature
   169 | D        | Killed a slime creature
   169 | D        | Reached *** piety under Trog
   170 | D        | Reached skill level 10 in Unarmed Combat
   170 | D        | Reached XP level 7. HP: 71/76 MP: 10/10
   183 | D        | Noticed a kobold demonologist
   183 | D        | Noticed a kobold demonologist
   186 | D        | Noticed a sixfirhy
   190 | D        | Noticed an orange demon
   191 | D        | HP: 2/76 [orange demon[a kobold demonologist] (3)]
   191 | D        | Slain by a sixfirhy

Illustrated notes

Levels and vault maps discovered:
D:        dungeon_sprint_1 [red_sonja_temple_1, red_sonja_temple_small_1]

Skill      XL: |  1  2  3  4  5  6 |
---------------+-------------------+-----
Fighting       | 3 4 5 6 |  6.5
Dodging        | 3 4 5 6 |  6.5
Unarmed Combat | 4 6 8 10 | 10.8
Invocations    | 2 3 4 5 6 |  6.5

Action                     |  1- 3 |  4- 6 |  7- 9 || total
---------------------------+-------+-------+-------++-------
  Melee: Unarmed           |    23 |    18 |     7 ||    48
  Evoke: Wand              |     1 |       |       ||     1
 Armour: Animal skin       |     3 |     1 |     2 ||     6
  Dodge: Dodged            |     6 |     6 |     5 ||    17
